 Dungeon Crawl Stone Soup version 0.19.5 (webtiles) character file.

5706 tyranidshit the Fighter (level 10, -6/85 HPs)
             Began as a Demonspawn Abyssal Knight on Mar 15, 2017.
             Was a High Priest of Lugonu.
             Mangled by an iguana (8 damage)
             ... on level 10 of the Dungeon.
             The game lasted 00:32:00 (7726 turns).

tyranidshit the Fighter (Demonspawn Abyssal Knight) Turns: 7726, Time: 00:32:00

Health: -6/85      AC: 23    Str: 16    XL:     10   Next: 48%
Magic:  0/26       EV:  5    Int: 13    God:    Lugonu [*****.]
Gold:   535        SH: 10    Dex: 13    Spells: 0 memorised, 9 levels left

rFire  . . .     SeeInvis .     a - +2 hand axe (chop)
rCold  . . .     Gourm    .     l - +0 chain mail
rNeg   . . .     Faith    .     D - +0 shield
rPois  .         Spirit   +     o - +1 hat
rElec  .         Reflect  .     (no cloak)
rCorr  .         Harm     .     d - +2 pair of gloves
MR     .....                    w - +2 pair of boots
Stlth  ..........               (no amulet)
                                A - +3 ring of protection
                                G - ring of magical power

@: no status effects
A: slimy green scales 1, demonic guardian 1, magic shield
a: Depart the Abyss, Bend Space, Banish, Corrupt, Enter the Abyss, Renounce
Religion


You were on level 10 of the Dungeon.
You worshipped Lugonu.
Lugonu was extremely pleased with you.
You were not hungry.

You visited 2 branches of the dungeon, and saw 11 of its levels.
You visited the Abyss 1 time.

You collected 535 gold pieces.

Inventory:

Hand Weapons
 a - a +2 hand axe of chopping (weapon)
 b - the +1 demon whip "Tovvuf" {pain, rPois rN+ Str+7 Dex-5}
   (You found it on level 8 of the Dungeon)

   In the hands of one skilled in necromantic magic, it inflicts extra damage on
   living creatures.
   It affects your strength (+7).
   It affects your dexterity (-5).
   It protects you from poison.
   It protects you from negative energy.
 F - a +1 hand axe of flaming
Armour
 d - a +2 pair of gloves (worn)
 l - a +0 chain mail (worn)
 o - a +1 hat (worn)
 q - a +0 buckler
 w - a +2 pair of boots (worn)
 D - a +0 shield (worn)
 J - +0 mottled dragon scales
Jewellery
 p - a +3 ring of intelligence
 A - a +3 ring of protection (right hand)
 B - an uncursed ring of fire
 G - a ring of magical power (left hand)
 H - an uncursed ring of protection from fire
Wands
 m - a wand of disintegration (13/24)
 y - a wand of paralysis (8/24)
 z - a wand of digging (9/24)
 E - a wand of iceblast (6/15)
Scrolls
 c - a scroll of fear
 e - a scroll of magic mapping
 g - a scroll of recharging
 i - 2 scrolls of remove curse
 k - 7 scrolls of teleportation
 s - 2 scrolls of enchant armour
 t - 2 scrolls of identify
 u - 2 scrolls of enchant weapon
 v - 2 scrolls of blinking
Potions
 j - a potion of might
 x - 4 potions of flight
 I - a potion of curing
Comestibles
 f - 9 meat rations
 h - 33 fruits
 n - 3 bread rations
 r - 9 slices of pizza
 C - a beef jerky


   Skills:
 - Level 10.1 Fighting
 - Level 1.7 Axes
 + Level 6.8 Armour
 - Level 0.8 Dodging
 + Level 6.4 Shields
 + Level 9.9 Invocations


You had 9 spell levels left.
You didn't know any spells.

Dungeon Overview and Level Annotations

Branches:
Dungeon (10/15)            Temple (1/1) D:7             Orc (0/2) D:10
   Lair: D:8-11

Altars:

Shops:
D:4 *   D:8 ?


Innate Abilities, Weirdness & Mutations

You are partially covered in slimy green scales. (AC +2)
A weak demonic guardian rushes to your aid.
When hurt, damage is shared between your health and your magic reserves.


Message History

* * * LOW HITPOINT WARNING * * *
The komodo dragon bites you but does no damage.
The iguana bites you but does no damage.
The troll barely misses you.
The troll claws you but does no damage. x2
You hit the komodo dragon.
The komodo dragon is almost dead.
You hit the iguana but do no damage. You closely miss the troll.
The iguana bites you.
* * * LOW HITPOINT WARNING * * *
You block the komodo dragon's attack. The troll bites you but does no damage.
You block the troll's attack. The troll claws you.
* * * LOW HITPOINT WARNING * * *
You hit the komodo dragon.
The komodo dragon is almost dead.
You hit the troll. You hit the iguana. The komodo dragon bites you!
* * * LOW HITPOINT WARNING * * *
The iguana bites you but does no damage.
You block the troll's attack. The troll claws you but does no damage.
You block the troll's attack. The iguana bites you!
You die...

######
#############....#
#........#.lT.5..# ### #
#........#5##)...###.###
#........#.##....5l...5.
#........#.##....#####.#
#....<.lT'.##....# ###
#......@l####....#
##'####### ###### #.##
#..# ##.####### ##+#####
#.......#####.<....#
#####'.........'......+
#..............#......#
#.....%........#......#


You could see a komodo dragon, a troll and an iguana.

Vanquished Creatures
  A hydra (D:9)
  A hill giant (D:10)
  A troll (D:10)
  Grinder (D:3)
  2 dream sheep (D:9)
  Sigmund (D:6)
  2 yaks (D:9)
  A mottled dragon (D:10)
  3 orc warriors
  4 ice beasts
  4 phantoms
  3 ogres
  3 centaurs
  A crocodile (D:10)
  3 big kobolds (D:9)
  2 bullfrogs
  4 scorpions
  3 killer bees (D:8)
  2 wights (D:8)
  A howler monkey (D:7)
  4 crimson imps
  A jelly (D:8)
  A centaur zombie (D:8)
  3 orc priests
  5 orc wizards
  3 hounds
  2 iguanas
  3 worker ants
  A hound zombie (D:5)
  Robin (D:4)
  2 howler monkey skeletons
  10 adders
  3 gnolls (D:6)
  5 shadow imps
  2 oozes
  An adder zombie (D:5)
  2 worms
  6 leopard geckos
  25 orcs
  3 ball pythons
  5 giant cockroaches
  14 goblins
  9 hobgoblins
  16 jackals
  7 kobolds
  A quokka (D:3)
  7 bats
  5 frilled lizards
  A leopard gecko zombie (D:5)
  A quokka skeleton (D:8)
  A quokka zombie (D:6)
  7 rats
200 creatures vanquished.

Vanquished Creatures (collateral kills)
  A hippogriff (D:8)
  The ghost of Mlkhall the Stinger, an amateur OpVM (D:3)
  An ice beast (D:7)
  A phantom (D:7)
  An ogre (D:7)
  A killer bee (D:8)
  A wight (D:8)
  A quasit (D:4)
  An orc priest (D:10)
  3 orcs (D:10)
  2 goblins (D:4)
  A hobgoblin (D:4)
  2 jackals (D:7)
  A rat (D:3)
18 creatures vanquished.

Grand Total: 218 creatures vanquished

Notes
Turn   | Place    | Note
-------+----------+-------------------------------------------
     0 | Abyss:1  | tyranidshit the Demonspawn Abyssal Knight began the quest for the Orb.
     0 | Abyss:1  | Reached XP level 1. HP: 18/18 MP: 2/2
     1 | Abyss:1  | Found a corrupted altar of Lugonu.
    46 | Abyss:1  | Noticed a deep elf demonologist
    49 | D:1      | Escaped the Abyss
   107 | D:1      | Reached * piety under Lugonu
   208 | D:1      | Gained mutation: When hurt, damage is shared between your health and your magic reserves. [demonic ancestry]
   208 | D:1      | Reached XP level 2. HP: 10/24 MP: 3/3
   442 | D:1      | Reached skill level 4 in Fighting
   657 | D:2      | Reached XP level 3. HP: 24/30 MP: 4/4
   938 | D:2      | Reached ** piety under Lugonu
   938 | D:2      | Reached XP level 4. HP: 18/38 MP: 5/5
   946 | D:2      | Reached skill level 5 in Fighting
  1543 | D:3      | Noticed Mlkhall's ghost (amateur OpVM)
  1700 | D:3      | Gained mutation: A weak demonic guardian rushes to your aid. [demonic ancestry]
  1700 | D:3      | Reached XP level 5. HP: 16/46 MP: 2/6
  1802 | D:3      | Killed Mlkhall's ghost
  1802 | D:3      | Reached skill level 6 in Fighting
  2051 | D:3      | Noticed Grinder
  2063 | D:3      | Killed Grinder
  2063 | D:3      | Reached skill level 7 in Fighting
  2063 | D:3      | Gained mutation: You are partially covered in slimy green scales. (AC +2) [demonic ancestry]
  2063 | D:3      | Reached XP level 6. HP: 31/55 MP: 4/7
  2543 | D:4      | Found Conn's General Store.
  2545 | D:4      | Noticed Robin
  2561 | D:4      | Killed Robin
  2561 | D:4      | Reached *** piety under Lugonu
  2593 | D:4      | Reached skill level 8 in Fighting
  2593 | D:4      | Reached XP level 7. HP: 62/62 MP: 8/8
  3529 | D:5      | Entered Level 5 of the Dungeon
  3547 | D:5      | Reached skill level 9 in Fighting
  3861 | D:5      | Reached XP level 8. HP: 37/72 MP: 9/9
  4225 | D:6      | Reached skill level 10 in Fighting
  4427 | D:6      | Noticed Sigmund
  4429 | D:6      | Killed Sigmund
  4429 | D:6      | Reached skill level 1 in Shields
  4525 | D:6      | Reached **** piety under Lugonu
  4792 | D:7      | Found a staircase to the Ecumenical Temple.
  4827 | Temple   | Entered the Ecumenical Temple
  4931 | D:7      | Reached skill level 5 in Invocations
  5329 | D:7      | Reached XP level 9. HP: 67/78 MP: 11/13
  5493 | D:8      | Got a steaming demon whip
  5494 | D:8      | Identified the cursed +1 demon whip "Tovvuf" {pain, rPois rN+ Str+7 Dex-5} (You found it on level 8 of the Dungeon)
  5746 | D:8      | Found Laatih's Magic Scroll Emporium.
  6231 | D:9      | Reached skill level 5 in Armour
  6466 | D:9      | Reached skill level 5 in Shields
  6763 | D:9      | Reached ***** piety under Lugonu
  6770 | D:9      | Reached XP level 10. HP: 77/85 MP: 14/16
  6798 | D:9      | Noticed a three-headed hydra
  6804 | D:9      | Killed a one-headed hydra
  7055 | D:10     | Entered Level 10 of the Dungeon
  7495 | D:10     | Found a staircase to the Orcish Mines.
  7531 | D:10     | Noticed a hill giant
  7544 | D:10     | Killed a hill giant
  7726 | D:10     | HP: 2/85 [komodo dragon (7)]
  7726 | D:10     | Mangled by an iguana

Skill      XL: |  1  2  3  4  5  6  7  8  9 10 |
---------------+-------------------------------+-----
Fighting       | 4 5 7 8 9 10 | 10.1
Armour         | 3 5 6 |  6.8
Shields        | 3 5 6 |  6.4
Invocations    | 5 8 9 |  9.9
Axes           | |  1.7
Dodging        | |  0.8

Action                   |  1- 3 |  4- 6 |  7- 9 | 10-12 || total
-------------------------+-------+-------+-------+-------++-------
Melee: Hand axe          |   138 |   139 |   660 |   155 ||  1092
       Demon whip        |       |       |    41 |       ||    41
Invok: Depart the Abyss  |     1 |       |       |       ||     1
Evoke: Wand              |       |     2 |     6 |     8 ||    16
  Use: Scroll            |     5 |     1 |    16 |     2 ||    24
       Potion            |     1 |     4 |     5 |     1 ||    11
 Stab: Distracted        |       |     1 |       |     1 ||     2
       Paralysed         |       |       |    10 |     7 ||    17
  Eat: Bread ration      |       |     1 |     1 |       ||     2
       Meat ration       |       |     1 |     2 |       ||     3
       Chunk             |       |       |       |     1 ||     1
Armor: Scale mail        |    85 |    16 |       |       ||   101
       Leather armour    |     1 |       |       |       ||     1
       Chain mail        |       |    66 |   557 |   176 ||   799
Dodge: Dodged            |    69 |    54 |   253 |    27 ||   403
Block: Buckler           |       |       |    76 |       ||    76
       Shield            |       |       |    52 |    81 ||   133
